AoeStats
← Erick14mar

Arena

509998493Analyzed
3v3 RM · 5d ago on Sep 29, 2026· 15m 8s· 6 players
Game mode
Random Map
Map size
Normal (6 player)
Population
200
Speed
Normal
Resources
Standard
Victory
Conquest
Starting age
Dark Age
Ending age
Imperial Age
RankedLock teamsTeams togetherTeam positionsShared explorationLock speedFull tech treeHidden civsTurbo modeCheats
Victory
Defeat
🇭🇰 Italians · Hong Kong SAR China
1431
+13
🇧🇷 Malay · Brazil
1389
+15
🇵🇪 Teutons · Peru
1362
+15
🇨🇦 Danes · Canada
1362
-15
🇫🇷 Huns · France
1358
-14
🇫🇷 Cumans · France
1351
-14
Guido
6:23 Loom
8:35 Feudal Age
Erick14mar
8:36 Feudal Age
7:01 Loom
9:57 Town Watch
14:20 Fletching
king00005
9:43 Feudal Age
10:09 Double-Bit Axe
11:27 Loom
12:30 Wheelbarrow
14:54 Castle Age
14:09 Scale Barding Armor
14:18 Bloodlines
14:04 Horse Collar
Kefko2112
8:02 Loom
8:35 Loom
10:57 Feudal Age
16:55 Castle Age
Torchon
7:58 Feudal Age
8:42 Double-Bit Axe
10:46 Wheelbarrow
13:43 Horse Collar
baug
10:37 Feudal Age
10:24 Loom
11:29 Man-at-Arms
Connection lost

Rejoining the realm…

Still unreachable

The connection could not be restored.

Session expired

The server has moved on; the page needs a fresh start.